 Dungeon Sprint DCSS version 0.27-a0-1256-gced786f65e (webtiles) character file.

Game seed: 2209440759731725862

161 rocky1 the Carver (level 5, -6/41 HPs)
             Began as a Formicid Fighter on June 11, 2021.
             Mangled by an ogre
             ... wielding a +0 giant club
              (15 damage)
             ... in the Dungeon (Sprint IX: "|||||||||||||||||||||||||||||").
             The game lasted 00:01:10 (208 turns).

rocky1 the Carver (Formicid Fighter)                 Turns: 208, Time: 00:01:10

Health: -6/41      AC:  6    Str: 21    XL:     5   Next: 70%
Magic:  5/5        EV:  8    Int:  8    God:
Gold:   0          SH:  9    Dex: 10    Spells: 4/4 levels left

rFire    . . .     SeeInvis +   a - +0 long sword
rCold    . . .     Faith    .   c - +0 kite shield
rNeg     . . .     Spirit   .   b - +0 scale mail
rPois    .         Reflect  .   (helmet unavailable)
rElec    .         Harm     .   (no cloak)
rCorr    .         Rampage  .   (no gloves)
Will     .....                  (no boots)
Stlth    ..........             (no amulet)
HPRegen  0.13/turn              (no ring)
MPRegen  0.09/turn              (no ring)

@: no status effects
A: permanent stasis, dig shafts and tunnels, antennae 3, four strong arms
a: Dig


You were in the Dungeon.
You visited 1 branch

Inventory:

Hand Weapons
 a - a +0 long sword (weapon)
Armour
 b - a +0 scale mail (worn)
 c - a +0 kite shield (worn)
Potions
 d - a potion of might
 e - a potion of curing
 f - a potion of heal wounds
 g - 2 potions of magic


   Skills:
 - Level 3.2 Fighting
 + Level 10.3 Long Blades
 - Level 3.2 Armour
 - Level 4.8 Shields


You had 4 spell levels left.
You didn't know any spells.
Your spell library was empty.

Dungeon Overview and Level Annotations

Branches:
Dungeon (1/1)

Altars:


Innate Abilities, Weirdness & Mutations

You cannot be hasted, slowed, berserked, paralysed or teleported.
You can dig through walls and to a lower floor.
You have a pair of large antennae on your head. (SInv)
Your four strong arms can wield two-handed weapons with a shield.


Message History

Your Long Blades skill gained 3 levels and is now at level 10!
You have reached level 5!
You hit the adder but do no damage. The adder barely misses you.
You riposte.
You slash the adder!
The adder is severely wounded.
You hit the adder but do no damage.
The adder is severely wounded.
You block the adder's attack.
You closely miss the adder.
The adder is severely wounded.
The adder closely misses you. The adder bites you but does no damage.
You hit the adder but do no damage.
The adder is severely wounded.
The adder bites you.
You are poisoned.
The adder poisons you!
You hit the adder.
The adder is almost dead.
You feel sick. The adder bites you but does no damage.
You slash the adder!
You kill the adder!
You feel sick.
You hit the ogre.
The ogre is lightly wounded.
You feel sick. The ogre hits you with a +0 giant club!
* * * LOW HITPOINT WARNING * * *
You barely miss the ogre.
The ogre is lightly wounded.
You feel sick.
You are no longer poisoned.
You block the ogre's attack.
You hit the ogre.
The ogre is moderately wounded.
The ogre barely misses you.
You hit the ogre.
The ogre is moderately wounded.
Your shield and scale mail prevent you from hitting the ogre.
The ogre is moderately wounded.
The ogre hits you with a +0 giant club!
You die... ▓▓▓▓▓▓▓▓▓▓▓▓▓▓▓▓▓▓ +....ZO@....)...<▓ ▓▓▓▓▓▓▓▓▓▓▓▓▓▓▓▓▓▓

You could see an ogre and a bat skeleton.

Vanquished Creatures
  A sky beast (D)
  A scorpion (D)
  An adder (D)
  A ball python (D)
  An endoplasm (D)
  A goblin (D)
  A kobold (D)
  A rat (D)
8 creatures vanquished.

Notes
Turn   | Place    | Note
-------+----------+-------------------------------------------
     0 | D        | rocky1 the Formicid Fighter began the quest for the Orb.
     0 | D        | Reached XP level 1. HP: 18/18 MP: 1/1
    17 | D        | Reached skill level 3 in Long Blades
    21 | D        | Reached XP level 2. HP: 11/24 MP: 2/2
   181 | D        | Noticed an ogre
   181 | D        | Noticed a sky beast
   181 | D        | Noticed a scorpion
   185 | D        | Killed a scorpion
   186 | D        | Reached skill level 7 in Long Blades
   186 | D        | Reached XP level 3. HP: 26/29 MP: 3/3
   186 | D        | Reached XP level 4. HP: 32/35 MP: 4/4
   197 | D        | Killed a sky beast
   198 | D        | Reached skill level 10 in Long Blades
   198 | D        | Reached XP level 5. HP: 20/41 MP: 5/5
   208 | D        | Mangled by an ogre

Illustrated notes

Levels and vault maps discovered:
D:        linesprint [early_d, line_temple, items_1, d_10, items_2, lair_1,
          lair_end, items_3, orc_1, orc_end, items_4, d_15, swamp_1, shoals_1,
          snake_1, spider_1, d_20, vaults_1, items_5, swamp_end, shoals_end,
          snake_end, spider_end, vaults_end, d_27, items_6, zot_1, zot_end,
          crypt_end, forest_end, elf_end, slime_end, tomb_end, abyss_end,
          pan_hell_end]

Skill      XL: |  1  2  3  4 |
---------------+-------------+-----
Shields        | 4 |  4.8
Long Blades    | 3 7 10 | 10.3
Fighting       | |  3.2
Armour         | |  3.2

Action                   |  1- 3 |  4- 6 || total
-------------------------+-------+-------++-------
Melee: Long sword        |    21 |    23 ||    44
Armor: Scale mail        |     7 |     5 ||    12
Dodge: Dodged            |     4 |     6 ||    10
Block: Kite shield       |    11 |     7 ||    18
       Rpst.: Long sword |     1 |     2 ||     3

Table legend: (Time is in decaauts)
 A = Elapsed time spent in this place.
 B = Non-inter-level travel time spent in this place.
 C = Inter-level travel time spent in this place.
 D = Time resting spent in this place.
 E = Time spent auto-exploring this place.
 F = Levels seen in this place.
 G = Mean time per level.
                   A        B        C        D        E       F      G
               +--------+--------+--------+--------+--------+-----+--------+
         Total |    219 |    219 |      0 |    154 |      0 |   1 |  219.0 |
       Dungeon |    219 |    219 |      0 |    154 |      0 |   1 |  219.0 |
               +--------+--------+--------+--------+--------+-----+--------+

Top non-repeatable levels by time:
       D: 219 daAuts
